 Dungeon Crawl Stone Soup version 0.30.1-4-g462c640d31 (webtiles) character file.

Game seed: 482483996366681245

253 booth the Trooper (level 6, -8/38 HPs)
             Began as a Gargoyle Fighter on Sept 11, 2023.
             Was an Initiate of Ashenzari.
             Mangled by an orc warrior
             ... wielding a +0 glaive
              (9 damage)
             ... on level 4 of the Dungeon.
             The game lasted 00:19:03 (3052 turns).

booth the Trooper (Gargoyle Fighter)                Turns: 3052, Time: 00:19:04

Health: -8/38      AC: 13    Str: 19    XL:     6   Next: 14%
Magic:  6/6        EV:  9    Int: 11    God:    Ashenzari [......]
Gold:   244        SH:  4    Dex:  9    Spells: 5/5 levels left

rFire   . . .        a - +0 flail
rCold   . . .        c - +0 buckler
rNeg    + . .        b - +0 scale mail
rPois   ∞            n - +0 helmet
rElec   +            (no cloak)
rCorr   .            f - +0 pair of gloves
SInv    .            (no boots)
Will    +....        (no amulet) Stlth
                     g - ring of willpower
HPRegen 0.26/turn    (no ring)
MPRegen 0.10/turn

%: no passive effects
@: no status effects
A: sickness immunity, AC +4, negative energy resistance 1, electricity
resistance, torment resistance 1, petrification resistance
a: Renounce Religion


You were on level 4 of the Dungeon.
You worshipped Ashenzari.
Ashenzari was noncommittal.
You visited 2 branches of the dungeon, and saw 5 of its levels.

You collected 244 gold pieces.

Inventory:

Hand Weapons
 a - a +0 flail (weapon)
Missiles
 i - 6 poisoned darts (quivered)
 o - 6 atropa-tipped darts
Armour
 b - a +0 scale mail (worn)
 c - a +0 buckler (worn)
 f - a +0 pair of gloves (worn)
 n - a +0 helmet (worn)
Jewellery
 g - a ring of willpower (left hand)
 l - a ring of protection from fire
Scrolls
 p - a scroll of enchant armour {unknown}
 s - a scroll of immolation
Potions
 d - a potion of might
 h - a potion of curing
 j - a potion of cancellation
 m - 2 potions of brilliance


   Skills:
 + Level 4.1 Fighting
 * Level 4.0 Maces & Flails
 + Level 1.9 Throwing
 + Level 4.1 Armour
 + Level 4.1 Shields


You had 5 spell levels left.
You didn't know any spells.
Your spell library contained the following spells:

 Spells                   Type           Power      Damage    Failure   Level
 Magic Dart               Conj           0%         1d3       78%         1
 Sandblast                Erth           0%         2d4       78%         1
 Shock                    Conj/Air       0%         1d3       78%         1
 Sting                    Tmut/Pois      0%         1d3       78%         1
 Summon Small Mammal      Summ           0%         N/A       78%         1
 Ensorcelled Hibernation  Hex/Ice        0%         N/A       89%         2
 Passwall                 Tmut/Erth      0%         N/A       89%         2
 Poisonous Vapours        Pois/Air       0%         N/A       89%         2
 Searing Ray              Conj           0%         2d4       89%         2
 Call Canine Familiar     Summ           0%         N/A       98%         3
 Summon Guardian Golem    Hex/Summ       0%         N/A       98%         3
 Swiftness                Air            0%         N/A       98%         3
 Airstrike                Air            0%         2d(0-16)  100%        4
 Anguish                  Hex/Necr       0%         N/A       100%        4
 Animate Armour           Summ/Erth      0%         N/A       100%        4
 Fulminant Prism          Conj/Hex       0%         3d5       100%        4
 Olgreb's Toxic Radiance  Pois           0%         N/A       100%        4
 Borgnjor's Vile Clutch   Necr/Erth      0%         N/A       100%        5
 Iskenderun's Battlesphe  Conj           0%         2d6       100%        5
 Iron Shot                Conj/Erth      0%         9d1       100%        6
 Spellforged Servitor     Conj/Summ      0%         N/A       100%        7


Dungeon Overview and Level Annotations

Branches:
Dungeon (4/15)             Temple (1/1) D:4

Altars:
Ashenzari
Cheibriados
Elyvilon
Fedhas
Hepliaklqana
Kikubaaqudgha
Makhleb
Okawaru
Ru
Sif Muna
Uskayaw
Wu Jian
Xom
Yredelemnul

Shops:
D:1 =   D:4 =


Innate Abilities, Weirdness & Mutations

You are immune to sickness and miasma.
Your stone body is resilient. (AC +4)
You are immune to poison.
You resist negative energy. (rN+)
You are resistant to electric shocks. (rElec)
You are resistant to unholy torment.
You are immune to petrification.


Message History

The orc warrior hits you from afar with a +0 glaive!
You closely miss the orc priest. The orc warrior misses you.
The orc priest barely misses you.
Throw: 3 javelins
Press: ? - help, Q - select action, (/) - cycle Shift-Dir - straight line, f - orc priest
Aim: an orc priest, wielding a +0 hand axe (56% to hit)
You throw a javelin.
The javelin barely misses the orc priest.
The javelin closely misses the orc warrior.
The javelin pierces through the orc.
You kill the orc!
The orc priest barely misses you. You block the orc warrior's attack.
The orc priest hits you but does no damage.
The orc warrior hits you from afar with a +0 glaive!
Throw: 2 javelins
Press: ? - help, Q - select action, (/) - cycle Shift-Dir - straight line, f/p - orc priest
Aim: an orc priest, wielding a +0 hand axe (56% to hit)
You throw a javelin.
The javelin pierces through the orc priest but does no damage.
The javelin pierces through the orc warrior!
The orc warrior is heavily wounded.
The orc priest hits you with a +0 hand axe.
The orc warrior closely misses you.
You thump the orc priest!
The orc priest is severely wounded.
The orc priest hits you with a +0 hand axe.
* * * LOW HITPOINT WARNING * * *
You block the orc warrior's attack.
Throw: javelin
Press: ? - help, Q - select action, (/) - cycle Shift-Dir - straight line, f/p - orc priest
Aim: an orc priest, wielding a +0 hand axe (severely wounded, 56% to hit)
You throw a javelin.
The javelin barely misses the orc priest.
The javelin hits the orc warrior and shatters for extra damage!
The orc warrior is almost dead.
The orc priest mumbles some strange prayers to Beogh against you.
Beogh smites you!
* * * LOW HITPOINT WARNING * * *
The orc warrior hits you from afar with a +0 glaive!
You die...

#....##......#
###
#....##......#
#....##......#
#....##......#
###+
#....).......#
#...
#....##......#
#...
#######......#
#... #......#
#... ##@#####
#... #o# #<..


#oo #### #).. ....# #.### #.# #(# You could see an orc warrior, an orc priest
and an orc.

Vanquished Creatures
  An ogre (D:4)
  2 orc priests (D:3)
  5 adders
  3 dart slugs
  3 orcs
  8 bats
  7 endoplasms
  2 giant cockroaches
  A goblin (D:3)
  7 hobgoblins
  4 jackals (D:4)
  2 quokkas (D:3)
  8 ball pythons
  2 frilled lizards
  4 kobolds
  3 rats
62 creatures vanquished.

Notes
Turn   | Place    | Note
-------+----------+-------------------------------------------
     0 | D:1      | booth the Gargoyle Fighter began the quest for the Orb.
     0 | D:1      | Reached XP level 1. HP: 14/14 MP: 1/1
     8 | D:1      | Found Beemiuso's Jewellery Emporium.
    97 | D:1      | Got the Compendium of the Four Lovers
   154 | D:1      | Reached XP level 2. HP: 18/19 MP: 2/2
   313 | D:1      | You fall into a shaft and drop 1 floor!
   622 | D:1      | Reached XP level 3. HP: 23/23 MP: 3/3
  1060 | D:2      | Reached skill level 1 in Throwing
  1518 | D:3      | Reached XP level 4. HP: 29/29 MP: 4/4
  1752 | D:3      | Identified the +0 leather armour of Okawaru's Inspiration
                  | {Rampage rCorr}
  1987 | D:3      | Reached XP level 5. HP: 11/33 MP: 5/5
  2527 | D:4      | Found a staircase to the Ecumenical Temple.
  2580 | Temple   | Entered the Ecumenical Temple
  2702 | Temple   | Became a worshipper of Ashenzari the Shackled
  2956 | D:4      | Found Weril's Jewellery Shop.
  2996 | D:4      | Noticed an ogre
  3004 | D:4      | Killed an ogre
  3005 | D:4      | Reached XP level 6. HP: 38/38 MP: 6/6
  3045 | D:4      | Noticed an orc warrior
  3052 | D:4      | HP: 1/38 [orc priest/divine providence (8)]
  3052 | D:4      | Mangled by an orc warrior

Illustrated notes

Levels and vault maps discovered:
D:1:      spicycebolla_green_bress_n_ham, layout_loops_ring, serial_shops,
          nicolae_shop_waterfront
D:2:      layout_rooms, serial_bayou_pond_a, nicolae_titane
D:3:      layout_loops_corners
D:4:      kennysheep_spiral_hall, layout_basic,
          minmay_temple_entry_drinking_statues, serial_shops, shop
Temple:   nicolae_temple_two_arcs

Skill      XL: |  1  2  3  4  5 |
---------------+----------------+-----
Throwing       | 1 |  1.9
Maces & Flails | 3 4 |  4.0
Armour         | 4 |  4.1
Fighting       | 4 |  4.1
Shields        | 4 |  4.1

Action                     |  1- 3 |  4- 6 || total
---------------------------+-------+-------++-------
  Melee: Flail             |    98 |   127 ||   225
  Throw: Dart              |       |     2 ||     2
         Javelin           |       |     4 ||     4
    Use: Potion            |     3 |     1 ||     4
         Scroll            |     2 |     6 ||     8
 Armour: Scale mail        |    56 |    79 ||   135
  Dodge: Dodged            |    42 |    66 ||   108
  Block: Buckler           |    16 |    27 ||    43
